 Dungeon Crawl Stone Soup version 0.18-b1-18-g7758cf2 (webtiles) character file.

96 Chiseanne the Magician (level 4, 0/30 HPs)
             Began as a Demonspawn Wizard on May 2, 2016.
             Slain by a worker ant (2 damage)
             ... on level 4 of the Dungeon.
             The game lasted 00:04:14 (2468 turns).

Chiseanne the Magician (Demonspawn Wizard)          Turns: 2468, Time: 00:04:14

Health: 0/30       AC:  5    Str:  7    XL:     4   Next: 41%
Magic:  0/10       EV: 12    Int: 21    God:
Gold:   87         SH:  0    Dex: 11    Spells: 4 memorised, 3 levels left

rFire  . . .     SeeInvis .     k - +0 short sword
rCold  . . .     Gourm    .     a - +0 robe
rNeg   . . .     Faith    .     (no shield)
rPois  .         Spirit   +     i - +1 helmet
rElec  .         Dismiss  .     (no cloak)
rCorr  .         Reflect  .     (no gloves)
SustAt .         Harm     .     (no boots)
MR     .....                    (no amulet)
Stlth  ++........               (no ring)
                                (no ring)

@: lethally poisoned (0 -> -2), very slightly contaminated, hasted, repel
missiles, very quick, not resistant to hostile enchantments, unstealthy
A: icy blue scales 1, magic shield, magic regeneration
a: no special abilities


You were on level 4 of the Dungeon.
You were hungry.

You visited 1 branch of the dungeon, and saw 4 of its levels.

You collected 87 gold pieces.

Inventory:

Hand Weapons
 e - a +0 club
 k - a +0 short sword (weapon)
Missiles
 b - 32 arrows
 f - 12 sling bullets
 j - 89 stones (quivered)
Armour
 a - a +0 robe (worn)
 i - a +1 helmet (worn)
Potions
 o - a potion of haste
Books
 c - a book of Minor Magic

   Spells                             Type                      Level
   a - Magic Dart                     Conjuration                  1
   b - Blink                          Translocation                2
   c - Call Imp                       Summoning                    2
   d - Repel Missiles                 Charms/Air                   2
   e - Slow                           Hexes                        2
   f - Conjure Flame                  Conjuration/Fire             3
   g - Mephitic Cloud                 Conjuration/Poison/Air       3
Comestibles
 d - 2 bread rations
 h - 2 slices of pizza


   Skills:
 - Level 1.7 Dodging
 - Level 1.7 Stealth
 * Level 4.1 Spellcasting
 * Level 3.0 Conjurations
   Level 1.0 Summonings
 - Level 0.8 Translocations


You had 3 spell levels left.
You knew the following spells:

 Your Spells              Type           Power        Failure   Level  Hunger
a - Magic Dart            Conj           ###.         3%          1    None
b - Blink                 Tloc           N/A          14%         2    #......
c - Repel Missiles        Chrm/Air       #.....       17%         2    #......
d - Mephitic Cloud        Conj/Pois/Air  #.......     24%         3    ###....


Dungeon Overview and Level Annotations

Branches:
Dungeon (4/15)
 Temple: D:4-7

Altars:
Okawaru

Annotations:
D:3 Qrupt's ghost, amateur OpWz


Innate Abilities, Weirdness & Mutations

You are partially covered in icy blue scales (AC +1).
When hurt, damage is shared between your health and your magic reserves.
You regenerate magic rapidly.


Message History

Your Conjurations skill increases to level 3!
* * * LOW HITPOINT WARNING * * *
You feel sick.
You see here a howler monkey corpse.
The goblin shouts!
Found a scroll labeled OZOERA COOFF.
A worker ant comes into view.
The goblin shouts!
The worker ant twitches its antennae in your direction.
Found an iron altar of Okawaru.
You see here 17 gold pieces.
* * * LOW HITPOINT WARNING * * *
You feel sick.
Found a robe.
Found 10 gold pieces.
You hit the worker ant.
The worker ant is moderately wounded.
* * * LOW HITPOINT WARNING * * *
You feel sick. The worker ant bites you.
You die...

..# .8_8.# #.#
#..8..# #.#
#≈≈.≈≈# .
####†####g≈.≈g# ..
#.......#≈≈.≈≈#...
#................$
#......$........[.
#..<.........?....
########..@a......
##.........
##........
#........
#######.. .


You could see a worker ant and 2 goblins.

Vanquished Creatures
  A howler monkey (D:4)
  2 adders
  A worm (D:2)
  An orc (D:3)
  A ball python (D:1)
  3 bats
  A giant cockroach (D:1)
  5 goblins
  4 hobgoblins
  A quokka (D:1)
  5 giant newts
  7 kobolds
  6 rats
38 creatures vanquished.

Notes
Turn   | Place    | Note
--------------------------------------------------------------
     0 | D:1      | Chiseanne the Demonspawn Wizard began the quest for the Orb.
     0 | D:1      | Reached XP level 1. HP: 13/13 MP: 4/4
   487 | D:1      | Gained mutation: You are partially covered in icy blue scales (AC +1). [demonic ancestry]
   487 | D:1      | Reached XP level 2. HP: 19/19 MP: 0/6
  1102 | D:2      | Learned a level 2 spell: Blink
  1105 | D:2      | Learned a level 2 spell: Repel Missiles
  1343 | D:2      | Gained mutation: When hurt, damage is shared between your health and your magic reserves. [demonic ancestry]
  1343 | D:2      | Reached XP level 3. HP: 24/24 MP: 2/8
  1477 | D:2      | Learned a level 3 spell: Mephitic Cloud
  2277 | D:3      | Noticed Qrupt's ghost (amateur OpWz)
  2448 | D:4      | Reached skill level 4 in Spellcasting
  2448 | D:4      | Gained mutation: You regenerate magic rapidly. [demonic ancestry]
  2448 | D:4      | Reached XP level 4. HP: 25/30 MP: 2/10
  2459 | D:4      | Noticed an ogre
  2464 | D:4      | Found an iron altar of Okawaru.
  2468 | D:4      | Slain by a worker ant

Skill      XL: |  1  2  3  4 |
---------------+-------------+-----
Conjurations   | 2 3 |  3.0
Spellcasting   | 4 |  4.1
Dodging        | |  1.7
Stealth        | |  1.7
Summonings     | |  1.0
Translocations | |  0.8

Action                   |  1- 3 |  4- 6 || total
-------------------------+-------+-------++-------
Melee: Club              |     9 |       ||     9
       Short sword       |    22 |     9 ||    31
 Cast: Magic Dart        |    89 |     3 ||    92
       Repel Missiles    |     1 |       ||     1
  Use: Scroll            |     4 |       ||     4
       Potion            |       |     1 ||     1
  Eat: Chunk             |     4 |       ||     4
Armor: Robe              |    10 |     3 ||    13
Dodge: Dodged            |    26 |     6 ||    32
